 Dungeon Crawl Stone Soup version 0.30-a0-137-gd8773701ce (webtiles) character file.

Game seed: 12038771638929655705

2128 billz999 the Covert (level 9, -1/57 HPs)
             Began as a Vampire Earth Elementalist on Sept 22, 2022.
             Was a Follower of Dithmenos.
             Succumbed to a killer bee's poison
             ... on level 5 of the Dungeon.
             The game lasted 00:15:51 (4601 turns).

billz999 the Covert (Vampire Earth Elementalist)    Turns: 4601, Time: 00:15:51

Health: -1/57      AC:  6    Str:  7    XL:     9   Next: 8%
Magic:  0/16       EV: 12    Int: 22    God:    Dithmenos [*.....]
Gold:   169        SH:  0    Dex: 14    Spells: 13/18 levels left

rFire   . . .      SeeInvis +    y - +1 dagger (vamp)
rCold   . . .      Faith    .    (no shield)
rNeg    . . .      Spirit   .    i - +2 robe {Will+}
rPois   .          Reflect  .    (no helmet)
rElec   .          Harm     .    x - +0 cloak
rCorr   .          Rampage  .    u - +0 pair of gloves
Will    +....                    (no boots)
Stlth   +++++.....               (no amulet)
HPRegen 0.39/turn                (no ring)
MPRegen 0.15/turn                (no ring)

@: lethally poisoned (-1 -> -8), attractive, flying, healing quickly, wreathed
by umbra
A: alive, fangs 3, see invisible, vampiric 2
a: Exsanguinate, Renounce Religion


You were on level 5 of the Dungeon.
You worshipped Dithmenos.
Dithmenos was aware of your devotion.
You visited 1 branch of the dungeon, and saw 5 of its levels.

You collected 169 gold pieces.

Inventory:

Hand Weapons
 c - a +0 mace
 t - a +2 flail of draining
 v - a +1 dagger of distortion
 y - a +1 vampiric dagger (weapon)
Armour
 a - a +0 robe
 i - a +2 robe of willpower (worn)
 o - the +4 leather armour of Hairiness {rF++ rC-}
   (You took it off a kobold on level 2 of the Dungeon)

   rF:        It greatly protects you from fire.
   rC:        It makes you vulnerable to cold.
 u - a +0 pair of gloves (worn)
 x - a +0 cloak (worn)
Magical Staves
 w - a staff of death
Jewellery
 e - a ring of positive energy
 n - a ring of willpower
Scrolls
 d - 6 scrolls of identify
 f - 2 scrolls of teleportation
 g - 2 scrolls of enchant armour
 h - a scroll of silence {unknown}
 l - a scroll of noise
 s - a scroll of magic mapping {unknown}
Potions
 b - a potion of magic
 j - a potion of flight
 q - a potion of might
 z - a potion of attraction


   Skills:
 - Level 2.1 Dodging
 + Level 8.7 Stealth
 + Level 5.2 Spellcasting
 * Level 8.4 Transmutations
 + Level 6.1 Earth Magic


You had 13 spell levels left.
You knew the following spells:

 Your Spells              Type           Power      Damage    Failure   Level
a - Sandblast             Erth           64%        2d14      1%          1
b - Petrify               Tmut/Erth      37%        N/A       4%          4

Your spell library contained the following spells:

 Spells                   Type           Power      Damage    Failure   Level
 Passwall                 Tmut/Erth      30%        N/A       1%          2
 Stone Arrow              Conj/Erth      38%        3d9       9%          3


Dungeon Overview and Level Annotations

Branches:
Dungeon (5/15)
 Temple: D:4-7

Altars:
Dithmenos
Okawaru
Sif Muna

Shops:
D:2 [

Annotations:
D:3 3 runed translucent doors, valliere's ghost, amateur DrBe


Innate Abilities, Weirdness & Mutations

Your natural rate of healing is accelerated.
You have razor-sharp teeth.
You have supernaturally acute eyesight. (SInv)
You are afflicted with vampirism and can become a bat while bloodless.


Message History

You barely miss the killer bee.
You feel sick.
You are no longer poisoned.
The killer bee stings you. The killer bee closely misses you.
You miss the killer bee. The killer bee stings you. x2
You are poisoned.
The killer bee poisons you!
You hit the killer bee. Your bite misses the killer bee.
The killer bee is lightly wounded.
You feel sick. The killer bee stings you.
* * * LOW HITPOINT WARNING * * *
The killer bee closely misses you.
Okay, then.
You hit the killer bee.
You feel better.
The killer bee is moderately wounded.
You feel sick. The killer bee barely misses you.
The killer bee stings you but does no damage.
You miss the killer bee.
The killer bee is moderately wounded.
You feel sick. The killer bee stings you.
* * * LOW HITPOINT WARNING * * *
The killer bee misses you.
Casting: Sandblast (safe; 1% risk of failure)
Confirm with . or Enter, or press ? or * to list all spells.
Aiming: Sandblast (safe; 1% risk of failure)
Press: ? - help, Shift-Dir - straight line, f - killer bee
Aim: a killer bee (moderately wounded, umbra, 67% to hit)
The blast of sand misses the killer bee.
You feel sick.
The killer bee misses you. x2; The killer bee stings you!
* * * LOW HITPOINT WARNING * * *
You are lethally poisoned!
The killer bee poisons you!
Okay, then.
You completely miss the killer bee.
The killer bee is moderately wounded.
* * * LOW HITPOINT WARNING * * *
You feel very sick. The killer bee misses you.
The killer bee barely misses you.
You hit the killer bee.
The killer bee is moderately wounded.
You die...

#####+#### ####.#
#......... .....# #.
#.........
#..#####@.†...... ....#
# #......y####.#...
........(..............
...........####.#.##.##
.......................
...........###.......##
###+######. ##...###.#
#.##....# .#
#####.......# #


You could see a killer bee.

Vanquished Creatures
  Pikel (D:5)
  Grinder (D:4)
  Sigmund (D:5)
  Eustachio (D:3)
  Menkaure (D:4)
  A black bear (D:4)
  2 ogres
  2 phantoms
  A necrophage (D:3)
  2 scorpions
  5 killer bees (D:5)
  A howler monkey (D:4)
  3 iguanas
  2 orc wizards (D:3)
  4 gnolls (D:4)
  An adder (D:2)
  A worm (D:2)
  A dart slug (D:3)
  10 orcs
  3 bats
  5 endoplasms
  4 giant cockroaches
  5 goblins
  3 hobgoblins
  3 jackals (D:3)
  5 kobolds
  4 quokkas
  8 ball pythons
  A frilled lizard (D:3)
  5 rats
87 creatures vanquished.

Notes
Turn   | Place    | Note
-------+----------+-------------------------------------------
     0 | D:1      | billz999 the Vampire Earth Elementalist began the quest for
                  | the Orb.
     0 | D:1      | Reached XP level 1. HP: 13/13 MP: 3/3
   257 | D:1      | Found a faded altar of an unknown god.
   338 | D:1      | Reached XP level 2. HP: 19/19 MP: 3/5
   808 | D:2      | Identified the +4 leather armour of Hairiness {rF++ rC-}
  1085 | D:2      | Found Ruky's Antique Armour Shop.
  1089 | D:2      | Gained mutation: You are afflicted with vampirism and can
                  | become a bat while bloodless. [Vampire growth]
  1089 | D:2      | Reached XP level 3. HP: 24/24 MP: 3/6
  1600 | D:3      | Found a runed translucent gate.
  1771 | D:3      | Reached XP level 4. HP: 28/30 MP: 0/7
  1907 | D:3      | Found a shadowy altar of Dithmenos.
  1928 | D:3      | Noticed an ice beast
  1930 | D:3      | Noticed valliere's ghost (amateur DrBe)
  1950 | D:3      | Became a worshipper of Dithmenos the Shadowed
  2223 | D:3      | Found a runed translucent gate.
  2224 | D:3      | Found a runed translucent gate.
  2706 | D:4      | Reached XP level 5. HP: 25/35 MP: 5/9
  2812 | D:4      | Noticed an ogre
  2812 | D:4      | Found the +6 shillelagh "Devastator" {shatter}
  2816 | D:4      | Noticed Grinder
  2830 | D:3      | Killed an ogre
  2932 | D:4      | Found an iron altar of Okawaru.
  3028 | D:4      | Reached skill level 5 in Stealth
  3028 | D:4      | Reached XP level 6. HP: 41/41 MP: 7/10
  3205 | D:4      | Noticed Menkaure
  3215 | D:4      | Killed Menkaure
  3281 | D:4      | Found a shimmering blue altar of Sif Muna.
  3289 | D:4      | Reached skill level 5 in Transmutations
  3292 | D:4      | Reached XP level 7. HP: 46/46 MP: 6/12
  3301 | D:4      | Paralysed by Grinder for 5 turns
  3324 | D:4      | Noticed Eustachio
  3351 | D:5      | Entered Level 5 of the Dungeon
  3756 | D:3      | Learned a level 4 spell: Petrify
  3794 | D:3      | Killed Eustachio
  3954 | D:4      | Reached skill level 5 in Earth Magic
  4058 | D:4      | Killed Grinder
  4059 | D:4      | Reached XP level 8. HP: 52/52 MP: 9/14
  4347 | D:5      | Noticed Sigmund
  4360 | D:5      | Killed Sigmund
  4463 | D:5      | Noticed Pikel
  4475 | D:5      | Killed Pikel
  4475 | D:5      | Reached * piety under Dithmenos
  4476 | D:5      | Reached skill level 5 in Spellcasting
  4575 | D:5      | Reached XP level 9. HP: 55/57 MP: 4/16
  4600 | D:5      | HP: 1/57 [poisoned by a killer bee]
  4601 | D:5      | Succumbed to a killer bee's poison

Illustrated notes

Levels and vault maps discovered:
D:1:      eino_arrival_cavern_b, layout_loops_ring,
          hellmonk_ecumenical_altar_arch_garden, nicolae_kite_square_tiling_tiny
D:2:      layout_basic, serial_shops, nicolae_shop_hallway_plus
D:3:      layout_basic, lemuel_doored_altar, zin_statuary, gammafunk_ghost_split
D:4:      layout_basic, kennysheep_mini_moat, mainiacjoe_overflow_boulevard,
          grunt_decor_junction, dilly_guarded_unrand_devastator, uniq_menkaure,
          uniq_grinder, uniq_eustachio
D:5:      lemuel_ice_spiral_2, layout_basic, uniq_sigmund, uniq_pikel,
          uniq_duvessa

Skill      XL: |  1  2  3  4  5  6  7  8 |
---------------+-------------------------+-----
Transmutations | 2 3 4 5 6 8 |  8.4
Stealth        | 4 5 7 8 |  8.7
Spellcasting   | 3 4 5 |  5.2
Earth Magic    | 4 5 6 |  6.1
Dodging        | |  2.1

Action                   |  1- 3 |  4- 6 |  7- 9 || total
-------------------------+-------+-------+-------++-------
Melee: Mace              |    21 |     3 |       ||    24
       Bite              |     1 |       |     6 ||     7
       Dagger            |       |     8 |    44 ||    52
 Cast: Sandblast         |    41 |    75 |    93 ||   209
       Petrify           |       |       |     6 ||     6
  Use: Potion            |       |     4 |     4 ||     8
       Scroll            |       |       |     8 ||     8
 Stab: Petrified         |       |       |     5 ||     5
Armor: Robe              |     3 |       |    14 ||    17
       Leather armour    |    15 |    32 |    71 ||   118
Dodge: Dodged            |    23 |    44 |   160 ||   227

Table legend: (Time is in decaauts)
 A = Elapsed time spent in this place.
 B = Non-inter-level travel time spent in this place.
 C = Inter-level travel time spent in this place.
 D = Time resting spent in this place.
 E = Time spent auto-exploring this place.
 F = Levels seen in this place.
 G = Mean time per level.
                   A        B        C        D        E       F      G
               +--------+--------+--------+--------+--------+-----+--------+
         Total |   4721 |   4463 |    258 |    496 |   3123 |   5 |  944.2 |
       Dungeon |   4721 |   4463 |    258 |    496 |   3123 |   5 |  944.2 |
               +--------+--------+--------+--------+--------+-----+--------+

Top non-repeatable levels by time:
     D:3: 1648 daAuts
     D:4: 1065 daAuts
     D:1: 810 daAuts
     D:2: 773 daAuts
     D:5: 423 daAuts
